 Dungeon Crawl Stone Soup version 0.27-a0-1154-gfdeffcb720 (webtiles) character file.

Game seed: 1182555867466776004

6158 Leibowitz the Slicer (level 11, -8/44 (66) HPs)
             Began as a Kobold Gladiator on Apr 28, 2021.
             Was a Believer of Okawaru.
             Mangled by a black mamba (14 damage)
             ... on level 1 of the Lair of Beasts on May 14, 2021.
             The game lasted 00:25:21 (12827 turns).

Leibowitz the Slicer (Kobold Gladiator)            Turns: 12827, Time: 00:25:21

HP:   -8/44 (66)    AC:  5    Str: 11    XL:     11   Next: 13%
MP:   11/11         EV: 19    Int: 10    God:    Okawaru [**....]
Gold: 366           SH:  0    Dex: 20    Spells: 10/10 levels left

rFire    . . .     SeeInvis +   a - +2 dagger (venom)
rCold    + . .     Faith    +   (shield restricted)
rNeg     . . .     Spirit   .   k - +0 leather armour {rC+}
rPois    .         Reflect  .   c - +0 helmet
rElec    .         Harm     .   B - scarf {+Inv}
rCorr    .         Rampage  .   h - +0 pair of gloves
Will     .....                  (no boots)
Stlth    ++++++....             H - amulet of faith
HPRegen  0.14/turn              b - ring of see invisible
MPRegen  0.12/turn              r - ring of flight

@: flying, studying 2 skills, very heavily drained
A: small, no large weapons, nightstalker 3
a: Renounce Religion, Evoke Invisibility, Heroism


You were on level 1 of the Lair of Beasts.
You worshipped Okawaru.
Okawaru was pleased with you.
You visited 3 branches of the dungeon, and saw 11 of its levels.
You also visited: Ossuary.

You collected 366 gold pieces.

Inventory:

Hand Weapons
 a - a +2 dagger of venom (weapon)
 A - a +0 rapier of speed
 D - a +0 rapier
 E - a +2 short sword of freezing
Missiles
 d - 2 curare-tipped darts (quivered)
 i - 48 poisoned darts
Armour
 c - a +0 helmet (worn)
 h - a +0 pair of gloves (worn)
 k - a +0 leather armour of cold resistance (worn)
 B - a scarf of invisibility (worn)
Jewellery
 b - a ring of see invisible (left hand)
 r - a ring of flight (right hand)
 w - an amulet of the acrobat
 H - an amulet of faith (around neck)
 K - a ring of willpower
Wands
 t - a wand of charming (5)
Scrolls
 g - a scroll of immolation {unknown}
 j - 14 scrolls of identify {unknown}
 n - 2 scrolls of magic mapping {unknown}
 o - 2 scrolls of vulnerability {unknown}
 p - 4 scrolls of teleportation {unknown}
 q - 2 scrolls of noise {unknown}
 u - 2 scrolls of fog {unknown}
 y - 3 scrolls of fear {unknown}
 F - 2 scrolls of blinking {unknown}
 G - a scroll of summoning {unknown}
 I - a scroll of enchant weapon {unknown}
 J - a scroll of acquirement {unknown}
Potions
 e - 5 potions of curing
 f - 3 potions of flight {unknown}
 l - 3 potions of heal wounds {unknown}
 m - 3 potions of lignification {unknown}
 s - 2 potions of cancellation {unknown}
 v - 4 potions of berserk rage {unknown}
 x - 3 potions of might {unknown}
 z - a potion of haste {unknown}
 C - a potion of resistance {unknown}


   Skills:
 * Level 6.9 Fighting
 * Level 11.8 Short Blades
 - Level 2.1 Throwing
 * Level 4.2 Armour
 * Level 7.9 Dodging
 + Level 11.3 Stealth
 * Level 4.6 Evocations


You had 10 spell levels left.
You didn't know any spells.
Your spell library contained the following spells:

 Spells                   Type           Power      Damage    Failure   Level
 Animate Skeleton         Necr           0%         N/A       43%         1
 Pain                     Necr           0%         1d4       43%         1
 Sting                    Tmut/Pois      0%         1d3       43%         1
 Poisonous Vapours        Pois/Air       0%         N/A       58%         2
 Ignite Poison            Fire/Tmut/Pois 0%         N/A       82%         3
 Mephitic Cloud           Conj/Pois/Air  0%         N/A       82%         3
 Vampiric Draining        Necr           0%         2d6       82%         3
 Animate Dead             Necr           0%         N/A       99%         4
 Olgreb's Toxic Radiance  Pois           0%         N/A       99%         4
 Agony                    Necr           0%         N/A       100%        5


Dungeon Overview and Level Annotations

Branches:
Dungeon (9/15)             Temple (1/1) D:4            Lair (1/6) D:8
Ossuary (visited)
    Orc: D:9-12

Altars:
Ashenzari
Cheibriados
Dithmenos
Elyvilon
Fedhas
Gozag
Hepliaklqana
Kikubaaqudgha
Makhleb
Nemelex Xobeh
Okawaru
Qazlal
Ru
Sif Muna
Trog
Uskayaw
Vehumet
Wu Jian
Xom
Yredelemnul
Zin
The Shining One


Innate Abilities, Weirdness & Mutations

You are small and have problems with some larger weapons.
You are completely attuned to the shadows.


Message History

The black mamba is poisoned.
The black mamba is lightly wounded.
The black mamba bites you!
You are poisoned.
The black mamba poisons you!
You hit the black mamba but do no damage.
The black mamba is lightly wounded.
You feel very sick.
You barely miss the black mamba.
The black mamba is lightly wounded.
You feel sick. The black mamba completely misses you.
You hit the black mamba.
The black mamba is moderately wounded.
You feel sick. The black mamba misses you.
You miss the black mamba.
The black mamba is moderately wounded.
You feel sick. The black mamba misses you.
You miss the black mamba.
The black mamba is moderately wounded.
You feel sick. The black mamba bites you.
* * * LOW HITPOINT WARNING * * *
You are more poisoned.
The black mamba poisons you!
You hit the black mamba.
The black mamba is moderately wounded.
* * * LOW HITPOINT WARNING * * *
You feel very sick. The black mamba misses you.
It was a potion of curing.
You feel better. The black mamba closely misses you.
The black mamba barely misses you.
You barely miss the black mamba.
The black mamba is moderately wounded.
The black mamba bites you!
* * * LOW HITPOINT WARNING * * *
You feel better. The black mamba misses you.
Unknown command.
The black mamba bites you!
* * * LOW HITPOINT WARNING * * *
You feel better. The black mamba bites you!
You die...

##...##....#
#P.........#######
#.................#
...####.......###..#
.## #........# ####
.........# ........#
$.......##
..>.S@...#
.....##### .#####


You could see a black mamba (poisoned).

Vanquished Creatures
  Gastronok (D:8)
  2 two-headed ogres (D:8)
  A gargoyle (D:8)
  A wyvern (D:7)
  2 steam dragons (D:9)
  An orc warrior (D:7)
  A black bear (D:2)
  3 necrophages
  An ice beast (D:5)
  A phantom (D:5)
  3 centaurs
  2 kobold brigands (D:8)
  2 bullfrogs
  3 scorpions
  A wyvern zombie (D:7)
  4 wights
  A howler monkey (D:7)
  A bullfrog zombie (D:7)
  4 hounds
  A jelly (D:7)
  2 orc priests
  3 centaur skeletons
  5 iguanas
  6 orc wizards
  Terence (D:3)
  A killer bee zombie (D:7)
  3 hound skeletons (D:4)
  A mummy (Ossuary)
  A howler monkey zombie (D:7)
  3 howler monkey skeletons
  9 adders
  7 gnolls
  A shadow imp (D:7)
  3 white imps
  An adder skeleton (D:4)
  3 worms
  2 dart slugs
  33 orcs
  4 spectral bats (Ossuary)
  4 bats
  10 endoplasms
  3 giant cockroaches
  17 goblins
  4 hobgoblins
  3 quokkas
  10 ball pythons
  7 bat simulacra (Ossuary)
  4 frilled lizards
  12 gnoll zombies (Ossuary)
  2 goblin simulacra (Ossuary)
  8 goblin zombies (Ossuary)
  8 hobgoblin zombies (Ossuary)
  13 kobolds
  2 kobold simulacra (Ossuary)
  2 orc zombies (Ossuary)
  3 rats
  3 rat simulacra (Ossuary)
  2 spectral goblins (Ossuary)
  2 spectral kobolds (Ossuary)
  A spectral rat (Ossuary)
245 creatures vanquished.

Vanquished Creatures (others)
  6 demonic plants (D:3)
  6 fungi (D:3)
  10 plants
22 creatures vanquished.

Grand Total: 267 creatures vanquished

Notes
Turn   | Place    | Note
-------+----------+-------------------------------------------
     0 | D:1      | Leibowitz the Kobold Gladiator began the quest for the Orb.
     0 | D:1      | Reached XP level 1. HP: 12/12 MP: 1/1
   322 | D:1      | Reached XP level 2. HP: 13/17 MP: 2/2
   396 | D:1      | You fall into a shaft and drop 1 floor!
   724 | D:2      | Reached skill level 1 in Stealth
   724 | D:2      | Reached XP level 3. HP: 22/22 MP: 3/3
   980 | D:2      | Noticed a bullfrog
   990 | D:2      | Killed a bullfrog
   991 | D:2      | Reached skill level 5 in Short Blades
   991 | D:2      | Reached skill level 1 in Armour
   991 | D:2      | Reached XP level 4. HP: 11/27 MP: 4/4
   991 | D:2      | Reached XP level 5. HP: 13/31 MP: 5/5
  1838 | D:2      | Noticed a black bear
  1863 | D:2      | Killed a black bear
  1864 | D:2      | Reached XP level 6. HP: 37/37 MP: 6/6
  2831 | D:3      | Found a faded altar of an unknown god.
  2855 | D:3      | Noticed Terence
  2857 | D:3      | Killed Terence
  3273 | D:3      | Reached XP level 7. HP: 7/41 MP: 7/7
  4204 | D:4      | Found an ancient bone altar of Kikubaaqudgha.
  4467 | D:4      | Found a staircase to the Ecumenical Temple.
  4499 | Temple   | Entered the Ecumenical Temple
  4633 | Temple   | Upgraded the game from 0.27-a0-1099-g7f87ac42b0 to
                  | 0.27-a0-1154-gfdeffcb720
  4785 | D:4      | Reached skill level 5 in Stealth
  5140 | D:5      | Entered Level 5 of the Dungeon
  5196 | D:5      | Reached skill level 5 in Dodging
  5196 | D:5      | Reached XP level 8. HP: 48/48 MP: 8/8
  6750 | D:6      | Reached XP level 9. HP: 48/49 MP: 9/9
  7820 | D:6      | Reached skill level 5 in Fighting
  8462 | D:7      | Found a sand-covered staircase.
  8468 | Ossuary  | Entered an ossuary
  9321 | D:7      | Reached skill level 1 in Evocations
  9676 | D:7      | Reached skill level 10 in Short Blades
 10355 | D:7      | Found a broken altar of Ashenzari.
 10764 | D:8      | Noticed a gargoyle
 10765 | D:8      | Killed a gargoyle
 10766 | D:8      | Reached XP level 10. HP: 60/60 MP: 10/10
 10874 | Temple   | Became a worshipper of Warmaster Okawaru
 11032 | D:8      | Found a staircase to the Lair.
 11042 | D:8      | Noticed Gastronok
 11058 | D:8      | Killed Gastronok
 11059 | D:8      | Reached skill level 10 in Stealth
 11482 | D:8      | Noticed a two-headed ogre
 11776 | D:7      | Reached * piety under Okawaru
 12120 | D:8      | Killed a two-headed ogre
 12442 | D:8      | Noticed a two-headed ogre
 12446 | D:8      | Killed a two-headed ogre
 12446 | D:8      | Reached ** piety under Okawaru
 12447 | D:8      | Reached XP level 11. HP: 66/66 MP: 11/11
 12557 | D:8      | You are sucked into a shaft and drop 1 floor!
 12731 | Lair:1   | Entered Level 1 of the Lair of Beasts
 12826 | Lair:1   | HP: 1/44 [black mamba (13)]
 12827 | Lair:1   | Mangled by a black mamba

Illustrated notes

Levels and vault maps discovered:
D:1:      dpeg_arrival_rooms_c, layout_loops_cross, minmay_bisected
D:2:      layout_basic
D:3:      layout_loops_cross, shapermc_ecumenical_altar_gd,
          minmay_joined_circles, uniq_terence
D:4:      layout_loops_ring, minmay_temple_entry_gardened_gates,
          minmay_ruined_shrine
D:5:      layout_rooms
D:6:      layout_gridville
D:7:      layout_basic, cheibrodos_ashenzari_chains,
          lightli_ossuary_entry_decrepit_ruins, minmay_manual_moon
D:8:      layout_cave_pools, dpeg_oklobed_lair, uniq_gastronok
D:9:      kennysheep_blocky_room, layout_basic, special_room [special_room_bee],
          ebering_ghost_xom
Temple:   compressed_dpeg_circular_temple
Lair:1:   layout_cave_pods

Skill      XL: |  1  2  3  4  5  6  7  8  9 10 |
---------------+-------------------------------+-----
Dodging        | 4 5 6 7 |  7.9
Stealth        | 1 2 3 4 5 7 9 11 | 11.3
Short Blades   | 5 6 7 8 10 11 | 11.8
Armour         | 1 2 3 4 |  4.2
Fighting       | 3 4 5 6 |  6.9
Evocations     | 2 4 |  4.6
Throwing       | |  2.1

Action                   |  1- 3 |  4- 6 |  7- 9 | 10-12 || total
-------------------------+-------+-------+-------+-------++-------
Melee: Rapier            |    46 |   143 |   439 |    69 ||   697
       Dagger            |       |       |    39 |    19 ||    58
Throw: Throwing net      |     1 |     1 |     4 |     2 ||     8
       Dart              |       |       |       |     6 ||     6
 Abil: Evoke Invisibilit |       |       |     1 |       ||     1
  Use: Potion            |       |       |       |     3 ||     3
 Stab: Sleeping          |     5 |    17 |    59 |    10 ||    91
       Held in net/web   |     1 |     1 |     2 |     1 ||     5
       Distracted        |       |       |     3 |       ||     3
       Invisible         |       |       |     1 |       ||     1
Armor: Leather armour    |     1 |    18 |    45 |     8 ||    72
Dodge: Dodged            |    29 |    87 |   302 |    58 ||   476

Table legend: (Time is in decaauts)
 A = Elapsed time spent in this place.
 B = Non-inter-level travel time spent in this place.
 C = Inter-level travel time spent in this place.
 D = Time resting spent in this place.
 E = Time spent auto-exploring this place.
 F = Levels seen in this place.
 G = Mean time per level.
                   A        B        C        D        E       F      G
               +--------+--------+--------+--------+--------+-----+--------+
         Total |  12578 |  11992 |    586 |   3575 |   6523 |  12 | 1048.2 |
       Dungeon |  11697 |  11176 |    521 |   3375 |   6230 |   9 | 1299.7 |
        Temple |    200 |    136 |     64 |      0 |    133 |   1 |  200.0 |
          Lair |     91 |     91 |      0 |      0 |     77 |   1 |   91.0 |
       Ossuary |    589 |    589 |      0 |    200 |     83 |   1 |  589.0 |
               +--------+--------+--------+--------+--------+-----+--------+

Top non-repeatable levels by time:
     D:6: 2326 daAuts
     D:7: 2206 daAuts
     D:3: 1628 daAuts
     D:2: 1339 daAuts
     D:8: 1134 daAuts
     D:4: 1038 daAuts
     D:5: 986 daAuts
     D:1: 962 daAuts
 Ossuary: 589 daAuts
  Temple: 200 daAuts
  Lair:1: 91 daAuts
     D:9: 73 daAuts
